Map: Dash and Terminal LE (Void)

Players

wabbajack - Winner!

  • Race: Zerg Zerg
  • League: Gold

Nares

  • Race: Zerg Zerg
  • League: Bronze

VOD

Have the link to the VOD?

Description

Time

  • Played on: July 18, 2015, 3:22 p.m.
  • Length: 7:19
Show
View Real Time Build Order
Export as new Build Order

wabbajack Zerg - Winner!

Build Orders: Hatch First 

Get SALT Encoding   

  12  0:01  Drone  
  13  0:13  Overlord  
  13  0:19  Drone  
  14  0:24  Extractor  
  14  0:25  Drone  
  15  0:33  Drone  
  16  0:37  Drone  
  17  0:58  Hatchery  
  17  1:03  Drone  
  17  1:05  Drone  
  17  1:08  Extractor  
  17  1:10  Drone  
  18  1:25  Spawning Pool  
  17  1:27  Drone  
  17  1:32  Drone  
  19  1:43  Overlord  
  19  1:54  Drone  
  21  2:01  Drone  
  21  2:13  Queen x2  
  21  2:15  Zergling x4  
  27  2:21  Metabolic Boost  
  27  2:29  Spine Crawler  
  26  2:33  Drone x2  
  26  2:36  Drone  
  29  2:44  Drone  
  29  2:47  Drone x2  
  32  3:02  Roach Warren  
  31  3:13  Spine Crawler  
  31  3:18  Overlord x2  
  30  3:27  Drone  
  31  3:42  Roach  
  31  3:43  Roach x4  
  41  3:49  Overlord  
  41  3:59  Overlord  
  41  4:09  Roach  
  51  4:10  Roach x4  
  51  4:12  Overlord  
  51  4:13  Overlord  
  51  4:19  Roach x3  
  51  4:22  Roach  
  59  4:42  Drone  
  60  4:50  Zergling x16  
  68  4:55  Overlord  
  69  5:14  Zergling x10  
  69  5:15  Zergling x6  
  69  5:17  Queen  
  66  5:48  Ravager  
  67  5:51  Ravager  
  68  6:00  Zergling x2  
  68  6:01  Zergling x26  
  82  6:23  Overlord x2  
  80  6:38  Hatchery  
  78  7:08  Spore Crawler  
  73  7:09  Spore Crawler  
  73  7:11  Spore Crawler  
  73  7:12  Spore Crawler  
Show
View Real Time Build Order
Export as new Build Order

Nares Zerg 

Build Orders: 3 Hatch before Pool 

Get SALT Encoding   

  12  0:02  Drone  
  13  0:10  Drone  
  14  0:17  Overlord  
  14  0:37  Drone x3  
  17  0:49  Drone  
  18  1:08  Drone  
  19  1:11  Hatchery  
  18  1:34  Hatchery, Spawning Pool  
  18  1:36  Drone, Extractor  
  16  1:40  Drone  
  16  1:44  Drone  
  18  1:52  Overlord  
  18  2:02  Drone  
  19  2:13  Drone  
  20  2:21  Zergling x2  
  21  2:23  Queen  
  21  2:25  Zergling x2  
  24  2:34  Zergling x2  
  25  2:38  Zergling x2  
  25  2:43  Metabolic Boost  
  26  2:45  Queen  
  26  2:47  Zergling x2  
  29  2:52  Drone  
  29  2:56  Zergling x4  
  32  3:03  Queen  
  32  3:05  Zergling x2  
  35  3:09  Drone  
  35  3:12  Drone  
  37  3:21  Drone  
  37  3:24  Spine Crawler  
  37  3:29  Spine Crawler  
  37  3:32  Zergling x4  
  38  3:35  Drone  
  39  3:46  Drone  
  40  3:52  Spine Crawler  
  40  3:55  Zergling x6  
  42  4:04  Lair  
  42  4:09  Overlord  
  42  4:28  Zergling x6  
  45  4:32  Drone x2  
  45  4:33  Drone x3  
  45  4:35  Overlord  
  45  4:36  Overlord  
  50  4:50  Drone, Extractor  
  50  4:52  Overlord  
  50  4:58  Drone x4  
  43  5:23  Spire  
  37  5:30  Zergling x8  
  37  5:31  Zergling x6  
  37  5:35  Drone x3  
  44  5:36  Drone x3  
  44  5:40  Extractor  
  44  5:41  Extractor  
  45  5:46  Zergling x2  
  45  5:47  Zergling x10  
  30  6:35  Mutalisk x3  
  30  6:36  Mutalisk x3  
Tags
 
Add a new tag
Caveats
  • Supply blocks, unpowered buildings, or Contaminate may cause inaccurate times.
  • Supply counts are checked every 10 seconds.